 Dungeon Crawl Stone Soup version 0.19-a0-1468-ge013c26 (webtiles) character file.

1252 sveltemanboy the Carver (level 8, -3/52 HPs)
             Began as a Human Fighter on Sept 7, 2016.
             Was a Follower of Hepliaklqana.
             Slain by stickyfingers's ghost (12 damage)
             ... on level 7 of the Dungeon.
             The game lasted 00:14:33 (5441 turns).

sveltemanboy the Carver (Human Fighter)             Turns: 5441, Time: 00:14:34

Health: -3/52      AC: 11    Str: 24    XL:     8   Next: 80%
Magic:  10/10      EV: 17    Int:  9    God:    Hepliaklqana [*.....]
Gold:   241        SH:  0    Dex: 17    Spells: 0 memorised, 7 levels left

rFire  . . .     SeeInvis +     a - +1 long sword
rCold  . . .     Gourm    .     b - +0 scale mail
rNeg   . . .     Faith    .     (no shield)
rPois  +         Spirit   .     e - +1 helmet {SInv}
rElec  .         Dismiss  .     c - +2 cloak {rPois}
rCorr  .         Reflect  .     j - +0 pair of gloves
MR     .....     Harm     .     D - +0 pair of boots
Stlth  +.........               (no amulet)
                                (no ring)
                                (no ring)

@: mighty, agile
A: see invisible, blink, deformed body, mutation resistance 1
a: Blink, Recall Ancestor, Ancestor Identity, Renounce Religion


You were on level 7 of the Dungeon.
You worshipped Hepliaklqana.
Hepliaklqana was aware of your devotion.
You were hungry.

You visited 2 branches of the dungeon, and saw 10 of its levels.

You collected 241 gold pieces.

Inventory:

Hand Weapons
 a - a +1 long sword (weapon)
Armour
 b - a +0 scale mail (worn)
 c - a +2 cloak of poison resistance (worn)
 e - a +1 helmet of see invisible (worn)
 j - a +0 pair of gloves (worn)
 D - a +0 pair of boots (worn)
Wands
 y - a wand of iceblast (15/15)
Scrolls
 h - 2 scrolls of recharging
 q - 2 scrolls of enchant armour
 s - a scroll of remove curse
 u - 4 scrolls of identify
 z - a scroll of fear {unknown}
 A - a scroll of fog {unknown}
Potions
 l - a potion of haste
 C - a potion of resistance
Books
 B - a book of Unlife

   Spells                             Type                      Level
   a - Recall                         Summoning/Translocation      3
   b - Animate Dead                   Necromancy                   4
   c - Control Undead                 Necromancy                   4
   d - Cigotuvi's Embrace             Necromancy                   5
   e - Death Channel                  Necromancy                   6
   f - Simulacrum                     Ice/Necromancy               6
Comestibles
 f - 9 bread rations
 g - 6 meat rations
 t - a beef jerky


   Skills:
 - Level 3.0 Fighting
 * Level 8.9 Long Blades
 - Level 3.0 Armour
 - Level 3.0 Dodging
   Level 3.0 Shields
 + Level 3.8 Invocations


You had 7 spell levels left.
You didn't know any spells.

Dungeon Overview and Level Annotations

Branches:
Dungeon (9/15)             Temple (1/1) D:5
   Lair: D:8-11         Orc: D:9-12

Altars:
Cheibriados
Elyvilon
Fedhas
Gozag
Hepliaklqana
Kikubaaqudgha
Makhleb
Nemelex Xobeh
Qazlal
Ru
Trog
Uskayaw
Vehumet
Xom
Yredelemnul
Zin
The Shining One

Annotations:
D:4 Dowan, Duvessa, Grinder
D:7 stickyfingers's ghost, novice HOMo


Innate Abilities, Weirdness & Mutations

You have supernaturally acute eyesight. (SInv)
You can translocate small distances at will.
Armour fits poorly on your strangely shaped body.
You are somewhat resistant to further mutation.


Message History

You feel better.
Sander barely misses stickyfingers's ghost.
Stickyfingers's ghost barely misses Sander.
You feel better.
Sander barely misses stickyfingers's ghost.
Stickyfingers's ghost hits Sander!
Sander is destroyed!
Stickyfingers's ghost turns its malevolent gaze towards you.
Stickyfingers's ghost mumbles, "They all look like pillowcases to me..."
You miss stickyfingers's ghost.
Stickyfingers's ghost is severely damaged.
Stickyfingers's ghost hits you!
* * * LOW HITPOINT WARNING * * *
You hit stickyfingers's ghost.
Stickyfingers's ghost is severely damaged.
Stickyfingers's ghost hits you but does no damage.
You slash stickyfingers's ghost!
Stickyfingers's ghost is almost destroyed.
Stickyfingers's ghost hits you!
You die...

#.............#
#.............#
#.............#
#.........#...#
##.........#
..#
#........>.#
...
##........##
... #.....W..#
.. #.....@.## .
#......##
#.....##
#....## #....#
#....# #....#
#....# #.....


You could see stickyfingers's ghost.

Vanquished Creatures
  An ogre (D:8)
  A scorpion (D:6)
  A howler monkey (D:9)
  A crimson imp (D:4)
  A centaur zombie (D:6)
  4 hounds
  2 jellies
  3 orc wizards (D:5)
  Jessica (D:2)
  3 iguanas
  Natasha (D:4)
  4 worker ants
  4 adders
  3 gnolls (D:6)
  A shadow imp (D:5)
  An ooze (D:1)
  An adder skeleton (D:8)
  3 worms
  3 dart slugs
  2 giant geckos
  19 orcs
  9 bats
  3 giant cockroaches
  11 goblins
  6 hobgoblins
  6 jackals
  8 kobolds
  A quokka (D:2)
  A ball python (D:1)
  A giant gecko skeleton (D:4)
  6 giant newts
  A quokka skeleton (D:4)
  11 rats
124 creatures vanquished.

Vanquished Creatures (collateral kills)
  Sigmund (D:6)
  A centaur (D:6)
  An iguana (D:9)
  An orc wizard (D:8)
  A hound zombie (D:6)
  A giant gecko (D:6)
  2 orcs (D:8)
8 creatures vanquished.

Vanquished Creatures (others)
  2 ancestors
2 creatures vanquished.

Grand Total: 134 creatures vanquished

Notes
Turn   | Place    | Note
-------+----------+-------------------------------------------
     0 | D:1      | sveltemanboy the Human Fighter began the quest for the Orb.
     0 | D:1      | Reached XP level 1. HP: 18/18 MP: 1/1
    82 | D:1      | Reached XP level 2. HP: 24/24 MP: 2/2
   208 | D:1      | Reached skill level 1 in Dodging
   360 | D:1      | Reached XP level 3. HP: 29/29 MP: 3/3
   378 | D:1      | Reached skill level 3 in Long Blades
   702 | D:2      | Reached XP level 4. HP: 31/35 MP: 4/4
  1060 | D:2      | Noticed Jessica
  1067 | D:2      | Killed Jessica
  1067 | D:2      | Reached skill level 4 in Long Blades
  1072 | D:2      | Reached XP level 5. HP: 39/41 MP: 5/5
  1474 | D:3      | Found a hide-covered altar of Uskayaw.
  1669 | D:3      | Found a basalt altar of Yredelemnul.
  2132 | D:4      | Found a sparkling altar of Nemelex Xobeh.
  2208 | D:4      | Found an opulent altar of Gozag.
  2476 | D:4      | Reached skill level 5 in Long Blades
  2476 | D:4      | Reached XP level 6. HP: 47/47 MP: 6/6
  2734 | D:4      | Noticed Natasha
  2735 | D:4      | Noticed Grinder
  2750 | D:4      | Killed Natasha
  3008 | D:4      | Found a radiant altar of Vehumet.
  3009 | D:4      | Found a burning altar of Makhleb.
  3145 | D:5      | Entered Level 5 of the Dungeon
  3161 | D:5      | Reached skill level 6 in Long Blades
  3329 | D:5      | Noticed Dowan
  3340 | D:5      | Noticed Duvessa
  3656 | D:5      | Reached XP level 7. HP: 51/52 MP: 7/7
  4126 | D:5      | Found a staircase to the Ecumenical Temple.
  4133 | Temple   | Entered the Ecumenical Temple
  4208 | Temple   | Became a worshipper of Hepliaklqana
  4419 | D:6      | Got a dazzling war axe
  4420 | D:6      | Identified the +8 war axe "Cilymaba" {drain, +Rage rC+ rN+ Int+3} (You found it on level 6 of the Dungeon)
  4432 | D:6      | Reached skill level 7 in Long Blades
  4518 | D:6      | Reached skill level 1 in Invocations
  4537 | D:6      | Found an ancient bone altar of Kikubaaqudgha.
  4541 | D:6      | Found a blossoming altar of Fedhas.
  4583 | D:6      | Noticed Sigmund
  4594 | D:6      | Killed Sigmund
  4594 | D:6      | Reached XP level 8. HP: 51/52 MP: 9/9
  4657 | D:6      | Reached skill level 8 in Long Blades
  4802 | D:6      | You fall through a shaft for 3 floors!
  4857 | D:9      | Reached * piety under Hepliaklqana
  4894 | D:8      | Gained mutation: Armour fits poorly on your strangely shaped body. [potion of mutation]
  4894 | D:8      | Gained mutation: You are somewhat resistant to further mutation. [potion of mutation]
  4898 | D:8      | Gained mutation: You can translocate small distances at will. [potion of mutation]
  4898 | D:8      | Gained mutation: You have supernaturally acute eyesight. (SInv) [potion of mutation]
  5413 | D:6      | You fall through a shaft!
  5413 | D:7      | Noticed stickyfingers's ghost (novice HOMo)
  5441 | D:7      | Slain by stickyfingers's ghost

Vault maps used:
D:1:      onia_arrival_mini_spirals
D:2:      uniq_jessica
D:3:      grunt_temple_overflow_open
D:4:      grunt_temple_overflow_lords_of_destruction, lemuel_crystal_altar,
          first_bread, nemelex_xobeh_ov_fountains_minmay, uniq_grinder,
          uniq_natasha
D:5:      uniq_duvessa
D:6:      grunt_temple_overflow_growth_and_decay, minivault_25, uniq_sigmund
D:7:      marbit_many_paths
D:8:      nicolae_dithmenos_shadow_blocks, kennysheep_mini, serial_shops, shop
D:9:      gammafunk_temple_overflow_pools
Temple:   dpeg_three_leaves_temple

Skill      XL: |  1  2  3  4  5  6  7  8 |
---------------+-------------------------+-----
Dodging        | 1 2 3 |  3.0
Long Blades    | 3 4 5 6 7 8 |  8.9
Invocations    | 2 3 |  3.8
Fighting       | |  3.0
Armour         | |  3.0
Shields        | |  3.0

Action                   |  1- 3 |  4- 6 |  7- 9 || total
-------------------------+-------+-------+-------++-------
Melee: Long sword        |   107 |   305 |   198 ||   610
Invok: Ancestor Identity |       |       |     1 ||     1
       Recall Ancestor   |       |       |     2 ||     2
  Use: Scroll            |       |     2 |     4 ||     6
       Potion            |       |       |    14 ||    14
 Stab: Distracted        |       |       |     1 ||     1
  Eat: Chunk             |       |     9 |     6 ||    15
Armor: Scale mail        |    57 |   142 |    78 ||   277
Dodge: Dodged            |    42 |   125 |    89 ||   256
